 Dungeon Crawl Stone Soup version 0.24-a0-530-g18ba70b503 (webtiles) character file.

Game seed: 284355375119792663

70 Dumdum the Conjurer (level 4, -1/24 HPs)
             Began as a Deep Elf Conjurer on Aug 7, 2019.
             Slain by a goblin
             ... wielding a +0 club
             ... led by Robin
              (6 damage)
             ... on level 2 of the Dungeon.
             The game lasted 00:13:09 (2753 turns).

Dumdum the Conjurer (Deep Elf Conjurer)             Turns: 2753, Time: 00:13:10

Health: -1/24      AC:  2    Str:  5    XL:     4   Next: 3%
Magic:  5/11       EV: 13    Int: 21    God:
Gold:   109        SH:  0    Dex: 15    Spells: 4/10 levels left

rFire    + . .     SeeInvis .   (no weapon)
rCold    . . .     Gourm    .   (no shield)
rNeg     . . .     Faith    .   a - +1 robe
rPois    .         Spirit   .   (helmet restricted)
rElec    .         Reflect  .   (no cloak)
rCorr    .         Harm     .   (no gloves)
MR       .....                  (no boots)
Stlth    ++........             (no amulet)
HPRegen  0.08/turn              d - ring of protection from fire
MPRegen  0.12/turn              (no ring)

@: very slightly contaminated
A: beak, blurry vision 1, deformed body, mutation resistance 1
a: no special abilities


You were on level 2 of the Dungeon.
You were hungry.

You visited 1 branch of the dungeon, and saw 3 of its levels.

You collected 109 gold pieces.

Inventory:

Armour
 a - a +1 robe (worn)
Jewellery
 d - a ring of protection from fire (left hand)
Scrolls
 b - 4 scrolls of identify
 e - a scroll of immolation
 g - a scroll of remove curse
 i - 2 scrolls of enchant armour
 k - a scroll of magic mapping
 n - a scroll of enchant weapon {unknown}
Potions
 f - a potion of lignification {unknown}
 h - a potion of heal wounds {unknown}
 j - a potion of degeneration {unknown}
Comestibles
 c - 9 rations


   Skills:
 + Level 2.6 Dodging
 + Level 2.8 Stealth
 + Level 3.5 Spellcasting
 + Level 5.7 Conjurations


You had 4 spell levels left.
You knew the following spells:

 Your Spells              Type           Power        Failure   Level  Hunger
a - Magic Dart            Conj           ####         1%          1    None
b - Dazzling Spray        Conj/Hex       ###...       12%         3    ###....
c - Searing Ray           Conj           ####..       1%          2    ##.....

Your spell library contained the following spells:

 Spells                   Type           Power        Failure   Level  Hunger
 Iskenderun's Mystic Bla  Conj           ####....     12%         4    ####...
 Force Lance              Conj/Tloc      ###.....     36%         4    ####...
 Fulminant Prism          Conj/Hex       ###.......   36%         4    ####...


Dungeon Overview and Level Annotations

Branches:
Dungeon (3/15)

Altars:

Annotations:
D:3 Robin


Innate Abilities, Weirdness & Mutations

You have a beak for a mouth.
Scrolls take you a little longer to read.
Armour fits poorly on your strangely shaped body.
You are somewhat resistant to further mutation.


Message History

You hear a shout!
There is a stone staircase leading up here.
You can't go down here!
You are feeling hungry.
Robin says, "Kneel, worm!"
The goblin hits you with a +0 club.
The gnoll hits you from afar with a +0 spear.
The hobgoblin hits you with a +0 club!
* * * LOW HITPOINT WARNING * * *
You climb upwards.
There is a stone staircase leading down here.
Casting: Magic Dart (safe; 1% risk of failure)
Confirm with . or Enter, or press ? or * to list all spells.
Aiming: Magic Dart (safe; 1% risk of failure)
Press: ? - help, Shift-Dir - straight line, f - goblin
Aim: a goblin, wielding a +0 club (unusually strong)
You miscast Magic Dart.
You are very lightly contaminated with residual magic.
Nothing appears to happen.
The goblin hits you with a +0 club.
You die...

#.......# #.# #.......#####.#
########## ..#.........#.#
#...รท....# ###########.#.#
#.######.# ......#.....#.# #.#
#.# #####.#.#####.# #.#
###.####### #.#)....#.# #.#
#.........# #####.#<....#.####.#
#.#.#####.#
..............(g@#.####.#<....#.#
##.##.#....(..##g#....#.#.###.#.#
#.##.#.########.####.#.#.###.#.#
#.##.#.# #.####.#.#.....#.#
##.##.#.# #.#....#.#######.#
......#.# #.#.####.#..(....#
##.####.# #.#.# #.#.##..###
........# #.#.# #.#.###.#
.#.###### #.#.# #.#####.#


You could see a hobgoblin and a goblin.

Vanquished Creatures
  2 adders (D:2)
  An ooze (D:1)
  2 leopard geckos
  7 giant cockroaches
  6 goblins
  5 hobgoblins
  2 quokkas (D:2)
  3 bats
  4 frilled lizards (D:2)
  5 kobolds
  6 rats
43 creatures vanquished.

Notes
Turn   | Place    | Note
-------+----------+-------------------------------------------
     0 | D:1      | Dumdum the Deep Elf Conjurer began the quest for the Orb.
     0 | D:1      | Reached XP level 1. HP: 10/10 MP: 6/6
   152 | D:1      | Reached XP level 2. HP: 15/15 MP: 1/8
   375 | D:1      | Reached skill level 5 in Conjurations
   847 | D:1      | Gained mutation: Armour fits poorly on your strangely
                  | shaped body. [potion of mutation]
   847 | D:1      | Gained mutation: Scrolls take you a little longer to read.
                  | [potion of mutation]
   847 | D:1      | Gained mutation: You have a beak for a mouth. [potion of
                  | mutation]
   847 | D:1      | Gained mutation: You are somewhat resistant to further
                  | mutation. [potion of mutation]
   882 | D:2      | Reached XP level 3. HP: 11/19 MP: 6/9
   972 | D:2      | Learned a level 3 spell: Dazzling Spray
   975 | D:2      | Learned a level 2 spell: Searing Ray
  2732 | D:3      | Reached XP level 4. HP: 24/24 MP: 8/11
  2735 | D:3      | Noticed Robin
  2753 | D:2      | Slain by a goblin

Levels and vault maps discovered:
D:1:      dpeg_arrival_simpleton_a, layout_basic
D:2:      layout_basic, first_ration, minmay_misc_feat_rugged
D:3:      layout_rooms, cheibrodos_sewer_entry_bend, uniq_terence, uniq_ijyb,
          uniq_robin

Skill      XL: |  1  2 |
---------------+-------+-----
Conjurations   | 5 |  5.7
Dodging        | |  2.6
Stealth        | |  2.8
Spellcasting   | |  3.5

Action                   |  1- 3 |  4- 6 || total
-------------------------+-------+-------++-------
Melee: Unarmed           |     1 |       ||     1
 Cast: Magic Dart        |    73 |     5 ||    78
       Searing Ray       |     2 |       ||     2
       Dazzling Spray    |     1 |       ||     1
  Use: Scroll            |     4 |       ||     4
       Potion            |     2 |       ||     2
  Eat: Chunk             |     5 |       ||     5
Armor: Robe              |     4 |     1 ||     5
Dodge: Dodged            |     9 |     2 ||    11

Table legend:
 A = Non-vault XP
 B = Vault XP
 C = Vault XP percentage of total XP
 D = Non-vault monster count
 E = Vault monster count
 F = Vault count percentage of total count
                 A         B        C        D         E       F
            +---------+---------+-------+---------+---------+-------
      Total |      95 |       5 |   5.0 |      40 |       3 |   7.0
            +---------+---------+-------+---------+---------+-------
        D:1 |      37 |       0 |   0.0 |      19 |       0 |   0.0
        D:2 |      58 |       0 |   0.0 |      21 |       0 |   0.0
        D:3 |       0 |       5 | 100.0 |       0 |       3 | 100.0
            +---------+---------+-------+---------+---------+-------
